[Event "Grand Prix Romania 1st Stage 2024"]
[Site "Bucuresti"]
[Date "2024.03.23"]
[Round "4.33"]
[White "Parligras, Mircea-Emilian"]
[Black "Busuioc, Stelian-Marian"]
[Result "1-0"]
[ECO "E90"]
[WhiteElo "2543"]
[BlackElo "1843"]
[Annotator "TA"]
[PlyCount "83"]
[EventDate "2024.03.20"]
[EventType "swiss"]
[EventCountry "ROU"]
[SourceTitle "playchess.com"]
[Source "ChessBase"]
[SourceQuality "1"]
[TimeControl "900+5"]

1. d4 d6 2. e4 g6 3. c4 Bg7 4. Nc3 Nf6 5. h3 O-O 6. Be3 Nbd7 7. Nf3 e5 8. Bd3 h6 9. O-O {[%emt 0:00:07] White is more active.} Nh5 10. Re1 {[%emt 0:00:26] White is slightly better.} c6 11. Qd2 Kh7 12. Rad1 Qe7 13. b4 exd4 14. Nxd4 Ne5 15. Be2 Nf6 (15... Qh4 $16) 16. f4 $18 Ned7 17. Bf3 Nb6 18. Qd3 Be6 19. Nxe6 Qxe6 20. c5 ({Stronger than} 20. Qxd6 Qxd6 21. Rxd6 Nxc4 $11) 20... dxc5 21. bxc5 Rfd8 22. Qe2 ({Don't play} 22. Qxd8 $6 Rxd8 23. Rxd8 Nc4 $16) 22... Nc4 (22... Ne8 $16) 23. Bf2 Nh5 24. Bxh5 Bxc3 25. Bg4 f5 26. Rxd8 Rxd8 27. exf5 Qxe2 28. Rxe2 Bf6 {[%emt 0:00:01] Prevents Re7+} 29. Re6 Kg7 30. fxg6 {[%emt 0:00:03][%cal Oe6f6] Black must now prevent Rxf6!} Kxg6 {[%emt 0:00:23] [#]} (30... Rd5 31. Be2 Nd2) 31. Rxf6+ $1 Kxf6 {[%emt 0:00:03][%mdl 4096] Endgame. KRN-KB} 32. Bh4+ Kf7 33. Bxd8 Nd2 34. Bc8 Ne4 35. Bxb7 Nxc5 36. Bxc6 Nd3 37. g3 Nb4 38. Bb5 {[%emt 0:00:03] [#] Ba5 would now be deadly.} Kg6 39. a3 Nd5 40. Bd3+ {[%emt 0:00:03] White is clearly winning.} Kg7 41. Kf2 Nc3 42. Kf3 {[%emt 0:00:06] Weighted Error Value: White=0.08 (flawless) /Black=0.57.  Mistake:       	---       	Black=3      Inaccurate:     	White=2     	Black=4      OK:         	White=11    	Black=8      Best:        	White=2     	---} 1-0

[Event "Grand Prix Romania 1st Stage 2024"]
[Site "Bucuresti"]
[Date "2024.03.23"]
[Round "4.34"]
[White "Andries, Alf"]
[Black "Castellanos Rodriguez, Renier"]
[Result "0-1"]
[ECO "B22"]
[WhiteElo "2040"]
[BlackElo "2469"]
[Annotator "TA"]
[PlyCount "87"]
[EventDate "2024.03.20"]
[EventType "swiss"]
[EventCountry "ROU"]
[SourceTitle "playchess.com"]
[Source "ChessBase"]
[SourceQuality "1"]
[TimeControl "900+5"]

1. e4 c5 2. c3 Nf6 3. e5 Nd5 4. Nf3 d6 5. exd6 Qxd6 6. d4 cxd4 7. Nxd4 a6 {[%emt 0:00:24] Dodges Nb5} 8. c4 (8. Bc4 $11) 8... Nb4 $15 {[%emt 0:00:18][%cal Od6d4] And now ...Qxd4! would win.} 9. a3 {[%emt 0:00:09][%cal Ba2a3,Ba3b4,Bb4b5][%mdl 32] [#]} Qxd4 $1 {[%emt 0:02:27] Black is slightly better.} 10. axb4 $1 Qxd1+ 11. Kxd1 Nc6 12. b5 Nd4 13. f3 {[%emt 0:00:46] [#]} (13. Be3 $11 e5 (13... Bg4+ 14. f3 $14) 14. Bd3) 13... Nb3 {[%emt 0:00:11] Black is more active.} (13... Bf5 $1 $17 {[%cal Rf5c2] White must now prevent ...Bc2+.} 14. bxa6 bxa6) 14. Ra3 $11 Nxc1 15. Kxc1 e6 16. Ra2 Bc5 17. Nc3 Ke7 18. Bd3 Bd7 19. bxa6 Rxa6 20. Rxa6 bxa6 21. Kc2 a5 22. b3 f5 23. Re1 Kf6 24. f4 Bd6 25. g3 h6 26. Ra1 Ra8 27. h4 Bc5 (27... Bc6 $17) 28. g4 g6 (28... fxg4 $2 {perishes.} 29. Ne4+ Kf7 30. Nxc5 $18) 29. h5 gxh5 (29... fxg4 $2 {is the wrong capture.} 30. Ne4+ (30. Bxg6 Ke7 $15) 30... Ke7 31. Nxc5 $18) (29... Bc6 {is more complex.} 30. hxg6 fxg4 31. Ne4+ Bxe4 32. Bxe4 Rd8) 30. gxf5 exf5 31. Rh1 Rg8 32. Nd5+ Kf7 33. Rh2 {[%emt 0:00:41] Prevents Rg2+} Bd4 34. Be2 Rg3 35. Bxh5+ Kg7 36. Be2 ({White should play} 36. Rd2 $14 Ba7 37. Nc3) 36... a4 37. bxa4 Bxa4+ {[%emt 0:04:58] This pair of bishops is nice.} 38. Kd2 Be8 39. Bd3 Bg6 40. Kc2 Bc5 41. Re2 h5 42. Re5 $2 (42. Ne7 $11) 42... h4 $19 43. Bxf5 (43. Ne7 $142 Bxe7 44. Rxe7+ Kf6 45. Re2) 43... Bd6 44. Re6 {[%emt 0:03:19] Weighted Error Value: White=0.32/Black=0.13 (very precise) .  Loses game:     	White=1     	---        Mistake:       	White=5     	Black=2      Inaccurate:     	White=2     	Black=1      OK:         	White=15    	Black=11     Best:        	White=1     	Black=2      Strong:       	White=1     	---} (44. Ne7 $19 Bxe5 45. Nxg6) 0-1

[Event "Grand Prix Romania 1st Stage 2024"]
[Site "Bucuresti"]
[Date "2024.03.23"]
[Round "4.35"]
[White "Sofronie, Iulian"]
[Black "Arion, Ilie"]
[Result "1-0"]
[ECO "D00"]
[WhiteElo "2395"]
[BlackElo "1919"]
[Annotator "RC"]
[PlyCount "147"]
[EventDate "2024.03.20"]
[EventType "swiss"]
[EventCountry "ROU"]
[SourceTitle "playchess.com"]
[Source "ChessBase"]
[SourceQuality "1"]
[TimeControl "900+5"]

1. d4 Nf6 2. Bf4 c5 3. e3 d5 4. c3 Nc6 5. Nd2 Bf5 6. Ngf3 e6 7. Qb3 Qb6 8. Qxb6 axb6 9. Bb5 Kd8 10. Bxc6 bxc6 11. Ne5 Ke8 12. Nxc6 Nh5 13. Ne5 Nxf4 14. exf4 cxd4 15. cxd4 f6 16. Nef3 Bd6 17. g3 Kd7 18. Ke2 Rhc8 19. Ne1 Ra4 20. Ndf3 Be4 21. Ke3 Rb4 22. Nd3 Bxd3 23. Kxd3 Rxb2 24. Rhb1 Rcc2 25. Rxb2 Rxb2 26. Ke3 Bb4 27. a4 Rb3+ 28. Ke2 Rb2+ 29. Ke3 Rb3+ 30. Ke2 Rb2+ 31. Kf1 Bc3 32. Rc1 Rb3 33. Kg2 Ra3 34. g4 Ba5 35. f5 exf5 36. gxf5 Rxa4 37. Kg3 b5 38. Rc5 Bc7+ 39. Kg2 b4 40. Ne1 Kd6 41. Rb5 b3 42. Nf3 Ra3 43. Nd2 b2 44. Rxb2 Rd3 45. Nf3 g6 46. fxg6 hxg6 47. h4 Ke6 48. Rc2 Bf4 49. Rc6+ Kf5 50. Rc8 Kg4 51. Rg8 g5 52. hxg5 fxg5 53. Rxg5+ Bxg5 54. Ne5+ Kf5 55. Nxd3 Ke4 56. Nc5+ Kf5 57. Kf3 Bd2 58. Nb7 Bb4 59. Ke3 Ba3 60. Nc5 Bc1+ 61. Kd3 Kf4 62. Kc2 Ba3 63. Kb3 Bxc5 64. dxc5 Ke5 65. Kc3 d4+ 66. Kd3 Kd5 67. c6 Kxc6 68. Kxd4 Kd6 69. Ke4 Ke6 70. f3 Kf6 71. Kf4 Kg6 72. Ke5 Kf7 73. Kf5 Ke7 74. Kg6 1-0

[Event "Grand Prix Romania 1st Stage 2024"]
[Site "Bucuresti"]
[Date "2024.03.23"]
[Round "4.36"]
[White "Tamas, Christian-Arrydan"]
[Black "Stoleriu, George"]
[Result "0-1"]
[ECO "A40"]
[WhiteElo "2054"]
[BlackElo "2391"]
[Annotator "RC"]
[PlyCount "80"]
[EventDate "2024.03.20"]
[EventType "swiss"]
[EventCountry "ROU"]
[SourceTitle "playchess.com"]
[Source "ChessBase"]
[SourceQuality "1"]
[TimeControl "900+5"]

1. d4 e6 2. c4 b6 3. Nc3 Bb7 4. e4 Bb4 5. f3 f5 6. Bd3 Qh4+ 7. g3 Qh5 8. Bf4 fxe4 9. fxe4 Bxc3+ 10. bxc3 Qxd1+ 11. Rxd1 Nf6 12. d5 d6 13. Nf3 e5 14. Bc1 O-O 15. Ng5 Bc8 16. O-O h6 17. Ne6 Bxe6 18. dxe6 Nc6 19. c5 bxc5 20. Rf3 Kh7 21. Rdf1 Na5 22. g4 c4 23. Bc2 Rae8 24. h4 Kg6 25. g5 hxg5 26. hxg5 Nh7 27. Rxf8 Nxf8 28. Ba4 c6 29. Rf7 Nxe6 30. Rxa7 Rb8 31. Be3 Nb3 32. Bxc6 Nbc5 33. a4 Nxg5 34. Bxc5 dxc5 35. a5 Rb2 36. a6 Nf3+ 37. Kf1 Ra2 38. Ra8 Kg5 39. Bb7 Kf4 40. Rd8 Ke3 0-1

[Event "Grand Prix Romania 1st Stage 2024"]
[Site "Bucuresti"]
[Date "2024.03.23"]
[Round "4.37"]
[White "Vedmediuc, Serghei"]
[Black "Gales, Randi-Ioan"]
[Result "1-0"]
[ECO "B30"]
[WhiteElo "2452"]
[BlackElo "2050"]
[Annotator "TA"]
[PlyCount "57"]
[EventDate "2024.03.20"]
[EventType "swiss"]
[EventCountry "ROU"]
[SourceTitle "playchess.com"]
[Source "ChessBase"]
[SourceQuality "1"]
[TimeControl "900+5"]

1. e4 c5 2. Nf3 Nc6 3. Bb5 e6 4. O-O Nge7 5. Re1 a6 6. Bf1 d5 7. d3 b5 8. a4 Bb7 9. axb5 axb5 {[%emt 0:00:02] White is slightly better.} 10. Rxa8 Bxa8 11. Nc3 b4 12. Na4 Nc8 13. Bg5 f6 14. exd5 Qxd5 15. c4 Qd7 (15... bxc3 $14 16. Nxc3 Qd7) 16. Be3 $18 Nd4 {[%emt 0:01:09] [#]} 17. Nxd4 (17. Nxc5 $1 $18 Bxc5 18. Nxd4 Bxd4 19. Bxd4 Qxd4 20. Qa4+ (20. Rxe6+ Kf7 $17) 20... Kf7 21. Qxa8) 17... cxd4 $11 18. Bd2 $36 {[%emt 0:00:00][%cal Oa4c5][%mdl 2048] Hoping for Nc5! Black is under pressure.} Bc6 $2 {[%emt 0:00:52] [#]} (18... h5 $14) 19. Nc5 $1 $18 Bxc5 20. Qh5+ g6 21. Qxc5 b3 22. Qa3 Kf7 23. Qxb3 Ne7 24. Ra1 h5 25. Qb6 {[%emt 0:00:00] Ra7 is the strong threat.} Qd6 (25... Nc8 {was necessary.} 26. Qc5 h4) 26. Bb4 Qb8 27. Qc5 Re8 (27... Nc8 28. Be1 (28. Qxc6 Qxb4 29. Qd7+ Qe7 $18) 28... Bb7 29. Qxd4 Re8) 28. Ra7 Bb7 29. Qb6 {[%emt 0:00:00] Weighted Error Value: White=0.18 (very precise) /Black=0.57.  Loses game:     	---       	Black=1      Missed win:     	White=1     	---        Mistake:       	---       	Black=3      Inaccurate:     	White=2     	Black=1      OK:         	White=13    	Black=3      Best:        	White=3     	---        Brilliant:      	White=1     	---} 1-0

[Event "Grand Prix Romania 1st Stage 2024"]
[Site "Bucuresti"]
[Date "2024.03.23"]
[Round "4.38"]
[White "Efroimski, Marsel"]
[Black "Stanciu, Andreea-Briana"]
[Result "1-0"]
[ECO "B23"]
[WhiteElo "2467"]
[BlackElo "1976"]
[Annotator "TA"]
[PlyCount "50"]
[EventDate "2024.03.20"]
[EventType "swiss"]
[EventCountry "ROU"]
[SourceTitle "playchess.com"]
[Source "ChessBase"]
[SourceQuality "1"]
[TimeControl "900+5"]

1. e4 c5 2. Nc3 Nc6 3. Bb5 Nd4 4. Nf3 Nxf3+ 5. Qxf3 e6 {[%emt 0:00:17] Black is weak on the light squares} 6. a4 a6 7. Bc4 d6 8. d3 {[%emt 0:00:17] The position is equal.} Nf6 9. Bb3 Be7 10. g4 h6 11. h4 Nd7 12. Qg3 b6 (12... Ne5 $11) 13. Bf4 (13. Bd2 $16) 13... Nb8 14. O-O-O $36 {[%emt 0:00:14][%mdl 2048] White has the initiative.} Nc6 {[%emt 0:00:03] Dodges d4} 15. Be3 (15. Ne2 $5) 15... Bb7 (15... b5 $11 {remains equal.}) 16. g5 $16 hxg5 (16... Nd4 $142) 17. hxg5 Kd7 18. g6 {[%emt 0:00:10] White is much more active.} Bf6 (18... Nd4 $16) 19. Rxh8 (19. gxf7 $18 {Black must now prevent Rxh8.} Qe7 20. f4 Rxh1 21. Rxh1) 19... Qxh8 20. gxf7 Qh5 {[%emt 0:00:32][%cal Oc6d4] Prevents Qg4.} 21. f4 {[%emt 0:00:30][%cal Of4f5] Strongly threatening f5!} Nd4 22. Bxd4 cxd4 23. Nb1 Rh8 (23... Qxf7 $142 24. Rh1 Kc7) 24. Nd2 Qh4 $2 {[%emt 0:00:18] [#]} (24... Qxf7 {was worth a try.} 25. f5 Kc7 26. fxe6 (26. Bxe6 Qh5 $18) 26... Qh5) 25. Qxh4 $18 Rxh4 $2 {[%emt 0:02:17] Weighted Error Value: White=0.26 (precise) /Black=0.43.  Mistake:       	White=2     	Black=7      Inaccurate:     	White=4     	Black=1      OK:         	White=8     	Black=7} (25... Bxh4 26. Rh1 Ke7) 1-0

[Event "Grand Prix Romania 1st Stage 2024"]
[Site "Bucuresti"]
[Date "2024.03.23"]
[Round "4.39"]
[White "Costescu, Mihnea-Constantin"]
[Black "Cosma, Ioan"]
[Result "0-1"]
[ECO "D41"]
[WhiteElo "1951"]
[BlackElo "2316"]
[Annotator "RC"]
[PlyCount "52"]
[EventDate "2024.03.20"]
[EventType "swiss"]
[EventCountry "ROU"]
[SourceTitle "playchess.com"]
[Source "ChessBase"]
[SourceQuality "1"]
[TimeControl "900+5"]

1. d4 Nf6 2. Nf3 d5 3. c4 e6 4. Nc3 c5 5. cxd5 Nxd5 6. e4 Nxc3 7. bxc3 cxd4 8. cxd4 Bb4+ 9. Bd2 Bxd2+ 10. Qxd2 O-O 11. Be2 b6 12. O-O Bb7 13. Qe3 Nd7 14. Rfd1 Rc8 15. d5 exd5 16. exd5 Re8 17. Qd2 Nc5 18. Bb5 Rf8 19. Ne5 Ne4 20. Qb2 Nc3 21. Rd3 Nxb5 22. Qxb5 Rc5 23. Qb3 Rxd5 24. Rad1 Rxd3 25. Rxd3 Qg5 26. Nf3 Bxf3 0-1

[Event "Grand Prix Romania 1st Stage 2024"]
[Site "Bucuresti"]
[Date "2024.03.24"]
[Round "5.1"]
[White "Jianu, Vlad-Cristian"]
[Black "Ponomariov, Ruslan"]
[Result "1/2-1/2"]
[ECO "E12"]
[WhiteElo "2491"]
[BlackElo "2646"]
[Annotator "TA"]
[PlyCount "37"]
[EventDate "2024.03.20"]
[EventType "swiss"]
[EventCountry "ROU"]
[SourceTitle "playchess.com"]
[Source "ChessBase"]
[SourceQuality "1"]
[TimeControl "900+5"]

1. d4 Nf6 2. c4 e6 3. Nf3 b6 4. a3 Bb7 5. Nc3 d5 6. cxd5 Nxd5 7. Qc2 Nxc3 8. bxc3 Nd7 9. e4 c5 10. Bd3 Qc7 11. O-O cxd4 12. cxd4 Qxc2 13. Bxc2 Rc8 14. Bd3 Be7 15. Bd2 O-O 16. a4 (16. Bb4 $142 Bxb4 17. axb4) 16... a5 17. Rfb1 {[%emt 0:01:46] Die Stellung ist ausgeglichen.} Rfd8 18. Rb3 ({Viel schlechter ist} 18. Bxa5 Bxe4 19. Bxe4 bxa5 $15) 18... Bc6 19. h3 {[%emt 0:00:38] Nicht viel passiert in dieser Partie.   Gewichteter Fehlerwert: Weiß=0.19 (sehr präzise) /Schwarz=0.10 (sehr präzise) .  Fehler:       	Weiß=1     	---        Ungenau:       	---       	Schwarz=2     OK:         	Weiß=3     	Schwarz=3} 1/2-1/2

[Event "Grand Prix Romania 1st Stage 2024"]
[Site "Bucuresti"]
[Date "2024.03.24"]
[Round "5.2"]
[White "Sarana, Alexey"]
[Black "Moroni, Luca Jr"]
[Result "1-0"]
[ECO "D58"]
[WhiteElo "2699"]
[BlackElo "2580"]
[Annotator "TA"]
[PlyCount "159"]
[EventDate "2024.03.20"]
[EventType "swiss"]
[EventCountry "ROU"]
[SourceTitle "playchess.com"]
[Source "ChessBase"]
[SourceQuality "1"]
[TimeControl "900+5"]

1. d4 Nf6 2. c4 e6 3. Nc3 d5 4. Bg5 Be7 5. e3 O-O 6. Qc2 h6 7. Bh4 b6 8. Nf3 Bb7 9. Bxf6 Bxf6 10. cxd5 exd5 11. Rd1 Nd7 12. g3 Be7 13. Bg2 {[%emt 0:00:23] Die Stellung ist ausgeglichen.} Bd6 14. O-O c6 (14... Nf6 $11) 15. e4 $14 dxe4 16. Nxe4 Nf6 17. Nxd6 Qxd6 18. Ne5 Rac8 19. Rfe1 Rc7 20. Qa4 Ba8 21. a3 c5 22. Nc4 {[%emt 0:05:02] Weiß steht aktiver.} Qd7 23. Qxd7 Rxd7 24. dxc5 (24. Bxa8 Rxa8 25. dxc5 bxc5 26. Rxd7 Nxd7 $14) 24... Rxd1 25. Rxd1 bxc5 26. Rd6 Bxg2 27. Kxg2 {[%emt 0:00:02][%mdl 4096] Endspiel. KRN-KRN} Re8 28. Kf1 ({Vorzuziehen ist} 28. Rc6 $16) 28... Ne4 29. Rd5 Re7 30. h4 Rc7 31. Ke2 (31. f3 $5 Nf6 $8 32. Rd8+ Kh7 33. Rd6 $14) 31... Kf8 32. a4 (32. Kf3 $14 Nf6 33. Rd6) 32... Nf6 33. Rf5 Nd7 34. a5 Ke7 35. h5 Rc6 36. Kd3 Re6 37. Ne3 Ra6 38. Nc4 Re6 39. Rf4 Nf6 40. g4 g5 41. hxg6 fxg6 42. Ne3 Ra6 43. Ra4 h5 44. gxh5 gxh5 45. Kc4 Nd7 46. Kb5 Rg6 (46... Re6 $11 {kam in Betracht.}) 47. Rh4 a6+ 48. Kc4 Ne5+ 49. Kxc5 Nd3+ 50. Kd4 Nxb2 {[%emt 0:00:10] [#]} (50... Nxf2 $16 51. Rxh5 Rd6+ 52. Kc4 Rc6+ 53. Kd4 Rd6+ 54. Kc4 Rd2) 51. Rxh5 {[%emt 0:00:01] Schwarz muss nun Kc3 beachten.} Na4 (51... Rd6+ $142 52. Nd5+ Kf8) 52. f4 $18 Rg1 53. Rh7+ Kd8 54. Rh6 Rc1 55. Rxa6 Nc3 (55... Nc5 $142) 56. Rb6 Ne2+ 57. Ke4 Nc3+ (57... Ra1 $142 58. Nc4 Kc7) 58. Kd3 Na4 59. Rd6+ (59. Rb5 $18 {ist viel giftiger.}) 59... Kc7 $16 60. Rd5 {[%emt 0:00:04] [#] Kd4 wäre nun fies.} Kc6 61. Rh5 {[%emt 0:00:21] Und Kd4 würde nun gewinnen.} Nc5+ 62. Kd4 Nb3+ 63. Ke4 {[%emt 0:00:01] Weiß überlässt nun nichts mehr dem Zufall.} Nd2+ $2 (63... Ra1 $16 {leistet mehr Widerstand.}) 64. Kd3 $18 ({Schwächer ist} 64. Kf5 Ra1 $16) 64... Nb3 65. Rh6+ Kd7 (65... Kc5 $142 66. Rh5+ (66. a6 Ra1 $18) 66... Kc6) 66. a6 Nc5+ 67. Kd4 Ne6+ 68. Ke5 Rc5+ 69. Nd5 {[%emt 0:00:01] Weiß setzt Matt.} Nxf4 70. Rd6+ Kc8 71. Kxf4 {[%emt 0:00:02] KRN-KR} Kb8 72. Ke4 Ka7 73. Kd4 Ra5 74. Nb4 Rh5 75. Kc4 Rh7 76. Kb5 Rh5+ 77. Nd5 Rh7 78. Re6 Rh5 79. Re7+ Kb8 80. Rd7 {[%emt 0:00:05] Gewichteter Fehlerwert: Weiß=0.29 (präzise) /Schwarz=0.26 (präzise) .  Verlustzug:     	---       	Schwarz=2     Gewinn verpasst:   	Weiß=1     	---        Fehler:       	Weiß=2     	Schwarz=5     Ungenau:       	Weiß=1     	Schwarz=3     OK:         	Weiß=22    	Schwarz=17    Bester:       	Weiß=7     	Schwarz=4} 1-0

[Event "Grand Prix Romania 1st Stage 2024"]
[Site "Bucuresti"]
[Date "2024.03.24"]
[Round "5.3"]
[White "Zajic, Milan"]
[Black "Deac, Bogdan-Daniel"]
[Result "1-0"]
[ECO "C87"]
[WhiteElo "2436"]
[BlackElo "2690"]
[Annotator "RC"]
[PlyCount "84"]
[EventDate "2024.03.20"]
[EventType "swiss"]
[EventCountry "ROU"]
[SourceTitle "playchess.com"]
[Source "ChessBase"]
[SourceQuality "1"]
[TimeControl "900+5"]

1. e4 e5 2. Nf3 Nc6 3. Bb5 a6 4. Ba4 Nf6 5. O-O d6 6. Re1 Bg4 7. c3 Be7 8. h3 Bh5 9. d3 Qd7 10. Bg5 h6 11. Bxf6 gxf6 12. Nbd2 Rg8 13. Kh1 Rd8 14. Nf1 Bg6 15. Ng3 d5 16. Nh4 dxe4 17. Nxg6 fxg6 18. Qb3 Kf8 19. Qxb7 Na5 20. Bxd7 Nxb7 21. Bc6 Na5 22. Bxe4 f5 23. Bf3 Rxd3 24. Rxe5 Nc4 25. Rd5 Nxb2 26. Rb1 c6 27. Ra5 Nc4 28. Rxa6 Ne5 29. Bxc6 Kf7 30. c4 Nxc6 31. Rxc6 Ra8 32. Re1 Bd6 33. c5 Bf4 34. Ne2 Re8 35. Rb6 Bd2 36. Rb7+ Kf6 37. Rb6+ Kf7 38. Rb7+ Kf6 39. Rb6+ Kg5 40. h4+ Kxh4 41. Rxg6 Kh5 42. Rg7 Rf8 1-0

[Event "Grand Prix Romania 1st Stage 2024"]
[Site "Bucuresti"]
[Date "2024.03.24"]
[Round "5.4"]
[White "Safarli, Eltaj"]
[Black "Mikhalevski, Victor"]
[Result "1-0"]
[ECO "C77"]
[WhiteElo "2614"]
[BlackElo "2514"]
[Annotator "TA"]
[PlyCount "121"]
[EventDate "2024.03.20"]
[EventType "swiss"]
[EventCountry "ROU"]
[SourceTitle "playchess.com"]
[Source "ChessBase"]
[SourceQuality "1"]
[TimeControl "900+5"]

1. e4 e5 2. Nf3 Nc6 3. Bb5 a6 4. Ba4 Nf6 5. Nc3 b5 6. Bb3 Bc5 7. Nd5 O-O 8. c3 Nxe4 9. d4 {[%emt 0:00:18] Black is slightly better.} exd4 10. cxd4 Re8 11. O-O $1 Bf8 ({Black should play} 11... Bd6 $1 $11) 12. Re1 $1 $14 {[%emt 0:01:51] Strongly threatening Qd3.} Bb7 13. Bf4 Bd6 14. Bxd6 (14. Ne5 $1 $14 Nxe5 15. dxe5 (15. Rxe4 Nc4 $17)) 14... cxd6 $2 {[%emt 0:01:03] [#]} (14... Nxd6 $11 {and Black has nothing to worry.} 15. Rxe8+ Nxe8) 15. Qd3 $1 $18 Ne7 16. Rxe4 Nxd5 (16... Bxd5 {was called for.} 17. Rxe7 Rxe7) 17. Rxe8+ Qxe8 {[%emt 0:00:01] [#]} 18. Re1 $2 (18. Ng5 $1 $18 g6 19. Qh3) 18... Qc8 $2 (18... Qf8 $1 $14) 19. Ng5 Nf6 20. Bxf7+ (20. Nxf7 Bd5 21. Nxd6 Qf8 $18) 20... Kh8 {[%emt 0:00:09] [#]} 21. Re8+ $3 Qxe8 22. Bxe8 Rxe8 23. f3 Bd5 {[%emt 0:00:06] Prevents Nf7+} 24. b3 h6 25. Nh3 Re1+ 26. Kf2 Ra1 27. Qc2 a5 28. Nf4 Bf7 29. Qb2 Rd1 30. Ne2 Nd5 31. Qa3 b4 (31... a4 $16) 32. Qxa5 Rd2 33. Ke1 Rc2 (33... Rb2 $142 34. Qa6 Be6) 34. Qa8+ Kh7 35. Qa6 Bg6 (35... Rb2 $142 36. h4 (36. Qxd6 Rb1+ 37. Kf2 Rb2 $18) 36... Bg8) 36. Qxd6 Ne3 37. Nf4 (37. Qxb4 Nxg2+ 38. Kf1 Ne3+ 39. Kf2 Nd5 $15) 37... Bd3 38. Nxd3 Nxg2+ 39. Kf1 Ne3+ 40. Kg1 Rg2+ 41. Kh1 Rd2 42. Ne1 (42. Nxb4 $2 Rd1#) 42... Rd1 43. Qxb4 {[%emt 0:00:18] Qc3 is the strong threat.} Nc2 44. Qb5 {[%emt 0:00:12] Black must now prevent Qf5+.} Nxe1 {[%emt 0:00:14][%mdl 4096] Endgame. KQ-KRN} 45. Qf5+ Kh8 46. Qxd7 Nxf3+ 47. Kg2 {[%emt 0:00:00] aiming for Qc8+.} Nxd4 48. Qe8+ Kh7 49. Qe4+ Kh8 50. b4 Rd2+ 51. Kh3 Ne2 52. b5 Ng1+ 53. Kg3 Ne2+ 54. Kf3 Ng1+ 55. Ke3 Rb2 56. a4 Rb3+ 57. Kf2 Nh3+ 58. Kg2 Ng5 {[%emt 0:00:02] White mates.} 59. Qc2 Rb4 60. Qc3 Rxa4 61. Qc8+ {[%emt 0:00:01] Weighted Error Value: White=0.23 (precise) /Black=0.51.  Loses game:     	---       	Black=3      Missed win:     	White=1     	---        Mistake:       	White=1     	Black=5      Inaccurate:     	White=2     	---        OK:         	White=13    	Black=7      Best:        	White=6     	Black=4      Strong:       	White=3     	---} 1-0

[Event "Grand Prix Romania 1st Stage 2024"]
[Site "Bucuresti"]
[Date "2024.03.24"]
[Round "5.5"]
[White "Shuvalova, Polina"]
[Black "Sargsyan, Shant"]
[Result "0-1"]
[ECO "C48"]
[WhiteElo "2455"]
[BlackElo "2637"]
[Annotator "TA"]
[PlyCount "74"]
[EventDate "2024.03.20"]
[EventType "swiss"]
[EventCountry "ROU"]
[SourceTitle "playchess.com"]
[Source "ChessBase"]
[SourceQuality "1"]
[TimeControl "900+5"]

1. e4 e5 2. Nf3 Nc6 3. Nc3 Nf6 4. Bb5 Nd4 5. O-O c6 6. Bd3 Nxf3+ 7. Qxf3 g6 8. Be2 {[%emt 0:00:08][%cal Od2d4] The position is equal.} d6 9. Qg3 h5 10. h3 h4 11. Qh2 Bh6 12. d3 Bxc1 13. Raxc1 Qb6 14. b3 Qa5 15. Nb1 g5 $36 {[%emt 0:11:42][%cal Oc8e6][%mdl 2048] Black is on the roll. Black is more active.} 16. c3 (16. d4 $17) 16... Qxa2 $19 17. Bf3 Qxb3 18. Nd2 Qe6 19. d4 (19. Nc4 $142) 19... a5 20. Be2 Nh5 21. Bg4 Qe7 22. dxe5 dxe5 {[%emt 0:00:00] And now ...Bxg4 would win.} ({Don't take} 22... Qxe5 23. Bxc8 Rxc8 24. Nc4 Qxh2+ (24... Qxe4 $2 {loses.} 25. Nxd6+ Kf8 26. Nxe4 $18) 25. Kxh2 $17) 23. Bxh5 Rxh5 24. Nc4 f6 {[%emt 0:00:00] White must now prevent ...Be6.} 25. Rfd1 Be6 26. Ne3 a4 27. Kh1 Kf7 28. c4 Rhh8 29. Qg1 Rhd8 30. Qe1 a3 31. Ra1 Rd4 32. f3 (32. Rdb1 $142) 32... Qc5 {[%emt 0:00:00] [#] Strongly threatening ...Rxd1. Black is clearly winning.} ({Weaker is} 32... Bxc4 33. Rxd4 exd4 34. Nxc4 $11) 33. Rdc1 Rd3 34. Nf5 Rad8 35. Rcb1 R8d7 36. Rc1 Kg6 37. Rc3 Qb4 {[%emt 0:00:10] Black took control after the opening.   Weighted Error Value: White=0.54/Black=0.16 (very precise) .  Mistake:       	White=3     	---        Inaccurate:     	White=5     	---        OK:         	White=6     	Black=14     Best:        	---       	Black=2} 0-1